Map: Traitor's Exile

Players

PureLegacy - Winner!

  • Race: Terran Terran
  • Spawn Location: 5:00

Apollo - Winner!

  • Race: Terran Terran
  • Spawn Location: 6:00

Sirion

  • Race: Zerg Zerg
  • Spawn Location: 12:00

Darling

  • Race: Zerg Zerg
  • Spawn Location: 9:00

VOD

Have the link to the VOD?

Description

Time

  • Played on: Nov. 23, 2018, 8:43 a.m.
  • Length: 5:50
Show
View Real Time Build Order
Export as new Build Order

PureLegacy Terran - Winner!

Build Orders:  

Get SALT Encoding   

  12  0:01  SCV  
  13  0:13  SCV  
  14  0:18  Supply Depot  
  14  0:25  SCV  
  15  0:30  Refinery  
  15  0:40  SCV  
  16  0:46  Barracks  
  16  0:52  SCV  
  17  1:04  Barracks  
  17  1:18  Barracks  
  17  1:24  SCV  
  18  1:33  Reaper  
  19  1:41  Orbital Command  
  19  1:50  Refinery  
  19  1:55  Reaper  
  20  2:01  Supply Depot  
  20  2:08  Reaper  
  21  2:10  Reaper  
  22  2:17  SCV  
  23  2:29  Supply Depot  
  23  2:30  Reaper  
  24  2:39  SCV  
  24  2:40  Reaper  
  26  2:47  Reaper  
  27  2:53  SCV  
  28  3:03  Reaper  
  29  3:06  SCV  
  29  3:12  Reaper  
  31  3:19  Reaper  
  32  3:34  SCV, Command Center  
  32  3:35  Reaper  
  34  3:44  Reaper  
  34  3:46  Engineering Bay  
  35  3:52  Supply Depot  
  35  3:53  Reaper  
  36  4:04  SCV  
  37  4:10  Barracks  
  37  4:11  Barracks, Reaper  
  38  4:26  Reaper x2  
  38  4:40  SCV  
  38  4:45  Reaper  
  39  4:56  Barracks x2  
  39  5:01  Reaper  
  39  5:02  Reaper x2  
  42  5:07  SCV  
  42  5:12  Reaper  
  44  5:14  Orbital Command  
  44  5:24  SCV  
  47  5:46  Refinery  
  47  5:47  Refinery  
Show
View Real Time Build Order
Export as new Build Order

Apollo Terran - Winner!

Build Orders: Reaper Expand 

Get SALT Encoding   

  12  0:01  SCV  
  13  0:13  SCV  
  14  0:19  Supply Depot  
  14  0:25  SCV  
  15  0:41  SCV  
  16  0:45  Barracks  
  16  0:50  Refinery  
  16  0:53  SCV  
  17  1:05  SCV  
  18  1:22  SCV  
  19  1:33  Supply Depot  
  19  1:35  Reaper  
  19  1:36  Orbital Command  
  20  1:55  Command Center  
  20  2:02  SCV  
  21  2:12  Factory  
  21  2:13  Marine  
  22  2:17  SCV  
  23  2:23  Barracks  
  23  2:43  Barracks Reactor  
  23  2:45  SCV  
  24  2:51  Bunker  
  24  2:52  Supply Depot  
  24  2:54  Supply Depot  
  24  2:57  SCV  
  25  3:04  Refinery  
  25  3:08  Orbital Command  
  25  3:10  SCV  
  25  3:12  Barracks Tech Lab  
  26  3:25  Orbital Command  
  25  3:38  Hellion x2  
  29  3:45  Marauder, Barracks Tech Lab  
  29  3:46  Concussive Shells  
  31  3:49  Starport  
  31  3:57  SCV  
  31  4:01  Hellion x2, Orbital Command  
  37  4:06  Supply Depot  
  37  4:08  Marauder  
  37  4:13  SCV  
  37  4:14  Marauder  
  40  4:26  Orbital Command  
  40  4:28  Armory  
  40  4:29  Marauder  
  42  4:32  SCV  
  43  4:39  Hellion x2  
  43  4:41  Medivac  
  49  4:51  SCV  
  50  4:53  SCV  
  50  4:58  Marauder  
  53  5:01  Marauder  
  53  5:03  SCV  
  53  5:05  SCV  
  53  5:06  Hellion  
  59  5:11  Hellion  
  61  5:23  Supply Depot  
  61  5:25  Supply Depot  
Show
View Real Time Build Order
Export as new Build Order

Sirion Zerg 

Build Orders: Pool First 

Get SALT Encoding   

  12  0:02  Drone  
  13  0:13  Overlord  
  13  0:18  Drone  
  14  0:31  Drone x2  
  14  0:35  Drone  
  17  0:48  Spawning Pool  
  16  0:50  Drone  
  17  0:57  Extractor  
  17  0:58  Drone  
  17  1:18  Hatchery  
  16  1:26  Drone x2  
  18  1:35  Queen  
  21  1:40  Zergling x2  
  21  1:47  Overlord  
  21  1:50  Zergling x2  
  22  2:02  Metabolic Boost  
  22  2:08  Drone  
  23  2:16  Queen  
  25  2:34  Zergling x4  
  25  2:35  Queen, Zergling x4  
  31  2:48  Zergling x6  
  31  2:50  Zergling x2  
  35  3:00  Baneling Nest  
  34  3:07  Zergling x4  
  34  3:12  Overlord  
  36  3:24  Overlord  
  35  3:35  Zergling x4  
  35  3:36  Zergling x6  
  40  3:45  Drone  
  41  3:50  Drone x3  
  44  4:02  Zergling x4  
  45  4:13  Overlord x2  
  42  4:24  Zergling x2  
  42  4:25  Zergling x8  
  43  4:36  Drone x2  
  39  4:39  Roach Warren  
  37  4:52  Drone  
  37  4:53  Drone  
  37  4:55  Baneling x3  
  37  4:58  Zergling x4  
  40  5:15  Drone  
  40  5:16  Drone x6  
  43  5:31  Roach x3  
Show
View Real Time Build Order
Export as new Build Order

Darling Zerg 

Build Orders: Hatch First 

Get SALT Encoding   

  12  0:01  Drone  
  13  0:14  Overlord  
  13  0:18  Drone  
  14  0:33  Drone x2  
  16  0:36  Drone  
  17  0:56  Hatchery  
  16  0:58  Drone  
  16  1:01  Drone  
  18  1:06  Extractor  
  17  1:16  Spawning Pool  
  16  1:19  Drone  
  16  1:23  Drone  
  18  1:30  Drone  
  19  1:41  Drone  
  20  2:03  Zergling x4  
  20  2:07  Queen  
  20  2:08  Queen  
  26  2:09  Drone  
  26  2:10  Metabolic Boost  
  27  2:17  Overlord  
  28  2:22  Drone  
  28  2:38  Extractor  
  26  2:45  Drone x3  
  26  2:46  Drone x2  
  32  2:54  Overlord  
  32  3:05  Zergling x4  
  34  3:07  Queen  
  34  3:12  Queen  
  37  3:14  Zergling x2  
  37  3:16  Zergling x2  
  36  3:21  Zergling x2  
  33  3:34  Drone x2  
  33  3:35  Drone x3  
  33  3:40  Drone x2  
  41  3:48  Drone  
  41  4:04  Overlord  
  41  4:11  Drone x3  
  41  4:12  Overlord  
  44  4:27  Lair  
  44  4:29  Drone x4  
  44  4:30  Drone x3  
  51  4:33  Drone  
  51  4:36  Extractor  
  51  4:37  Extractor  
  48  4:48  Zergling x2  
  48  4:49  Zergling x6  
  49  4:54  Zergling x2  
  49  4:55  Zergling x6  
  49  4:58  Extractor  
  52  5:04  Drone  
  53  5:18  Hatchery  
  52  5:25  Drone x3  
  55  5:28  Zergling x2  
  55  5:30  Spire  
  55  5:32  Zergling x2  
Tags
 
Add a new tag
Caveats
  • Supply blocks, unpowered buildings, or Contaminate may cause inaccurate times.
  • Supply counts are checked every 10 seconds.